 Dungeon Crawl Stone Soup version 0.25.0-26-g0c896c7088 (webtiles) character file.

Game seed: 88989674333587909

149 Dirian the Chopper (level 5, -1/46 HPs)
             Began as a Minotaur Fighter on June 30, 2020.
             Slain by Grinder (2 damage)
             ... on level 3 of the Dungeon.
             The game lasted 00:02:41 (2648 turns).

Dirian the Chopper (Minotaur Fighter)               Turns: 2648, Time: 00:02:42

Health: -1/46      AC:  9    Str: 21    XL:     5   Next: 9%
Magic:  4/4        EV:  7    Int:  5    God:
Gold:   155        SH:  9    Dex: 10    Spells: 4/4 levels left

rFire    . . .     SeeInvis .   a - +0 war axe
rCold    . . .     Gourm    .   c - +0 kite shield
rNeg     . . .     Faith    .   b - +0 scale mail
rPois    .         Spirit   .   (helmet restricted)
rElec    .         Reflect  .   (no cloak)
rCorr    .         Harm     .   p - +1 pair of gloves
MR       .....                  (no boots)
Stlth    ..........             (no amulet)
HPRegen  0.15/turn              (no ring)
MPRegen  0.09/turn              (no ring)

@: lightly drained
A: retaliatory headbutt, horns 2
a: no special abilities


You were on level 3 of the Dungeon.
You were not hungry.

You visited 1 branch of the dungeon, and saw 3 of its levels.

You collected 155 gold pieces.

Inventory:

Hand Weapons
 a - a +0 war axe (weapon)
Armour
 b - a +0 scale mail (worn)
 c - a +0 kite shield (worn)
 o - a +0 pair of gloves
 p - a +1 pair of gloves (worn)
Jewellery
 t - an uncursed ring of wizardry {unknown}
Scrolls
 f - 2 scrolls of immolation {unknown}
 g - 3 scrolls of identify {unknown}
 h - 3 scrolls of enchant weapon {unknown}
 k - 2 scrolls of enchant armour {unknown}
 l - 2 scrolls of blinking {unknown}
 s - a scroll of amnesia {unknown}
Potions
 d - a potion of might
 i - a potion of haste {unknown}
 j - a potion of cancellation {unknown}
 m - a potion of ambrosia {unknown}
 n - a potion of degeneration {unknown}
 q - 2 potions of heal wounds {unknown}
 r - 3 potions of curing {unknown}
 u - a potion of flight {unknown}
Comestibles
 e - 9 rations
 v - 2 chunks of flesh


   Skills:
 + Level 4.3(4.2) Fighting
 * Level 4.9 Axes
 + Level 4.4(4.3) Armour
 + Level 4.2(4.1) Shields


You had 4 spell levels left.
You didn't know any spells.
Your spell library was empty.

Dungeon Overview and Level Annotations

Branches:
Dungeon (3/15)

Altars:

Annotations:
D:3 Grinder


Innate Abilities, Weirdness & Mutations

You reflexively headbutt those who attack you in melee.
You have a pair of horns on your head.


Message History

Grinder gestures at you. Pain shoots through your body!
There is a stone staircase leading up here.
You slash Grinder!
Grinder is lightly wounded.
Grinder hits you.
You writhe in agony.
You slash Grinder!
Grinder is moderately wounded.
Grinder hits you.
You writhe in agony.
* * * LOW HITPOINT WARNING * * *
You closely miss Grinder. Your headbutt misses Grinder.
Grinder is moderately wounded.
Grinder hits you.
* * * LOW HITPOINT WARNING * * *
You writhe in agony.
* * * LOW HITPOINT WARNING * * *
Grinder hits you.
* * * LOW HITPOINT WARNING * * *
You writhe in agony.
You die...

#......# #.# #...# ####
#.####.###.# #...# #
#.##.......# ######.##
#
#<....>.#######......[
#
#.##.#..#####..(##.####
#
#......[......#.......#
#
.....##..###...........
#.### #..###....#..#..
#. #..##...@5# .# #
...##...#....#
###.##...###..#
#......# ..# ####....
..# ..... .... ##.##
... #.


You could see Grinder.

Vanquished Creatures
  4 gnolls
  2 adders
  4 worms (D:2)
  3 dart slugs
  2 leopard geckos (D:1)
  3 orcs (D:3)
  11 bats
  6 giant cockroaches
  9 hobgoblins
  2 jackals (D:2)
  6 kobolds
  A quokka (D:2)
  4 frilled lizards
  9 goblins
  5 rats
71 creatures vanquished.

Notes
Turn   | Place    | Note
-------+----------+-------------------------------------------
     0 | D:1      | Dirian the Minotaur Fighter began the quest for the Orb.
     0 | D:1      | Reached XP level 1. HP: 19/19 MP: 0/0
   164 | D:1      | Reached XP level 2. HP: 27/27 MP: 1/1
   538 | D:1      | Reached XP level 3. HP: 33/33 MP: 2/2
  1524 | D:2      | Reached XP level 4. HP: 40/40 MP: 3/3
  2436 | D:3      | Reached XP level 5. HP: 46/46 MP: 4/4
  2637 | D:3      | Noticed Grinder
  2639 | D:3      | Paralysed by Grinder for 6 turns
  2648 | D:3      | HP: 2/46 [Grinder (5)]
  2648 | D:3      | Slain by Grinder

Illustrated notes

Levels and vault maps discovered:
D:1:      dpeg_arrival_triangle_fractal, layout_loops_ring
D:2:      layout_basic, first_ration
D:3:      layout_loops_cross, uniq_grinder

Skill      XL: |  1  2  3  4 |
---------------+-------------+-----
Armour         | 4 |  4.4
Fighting       | 4 |  4.3
Axes           | 3 4 |  4.9
Shields        | 4 |  4.2

Action                   |  1- 3 |  4- 6 || total
-------------------------+-------+-------++-------
Melee: War axe           |    99 |    62 ||   161
       Headbutt          |    15 |    11 ||    26
  Eat: Chunk             |     2 |     4 ||     6
Armor: Scale mail        |    61 |    18 ||    79
Dodge: Dodged            |    25 |    16 ||    41
Block: Kite shield       |    54 |    35 ||    89
